 Dungeon Crawl Stone Soup version 0.32-a0-909-gc671339a80 (webtiles) character file.

Game seed: 9009750470629617499

15425 Biggs the Skirmisher (level 12, -28/96 HPs)
             Began as a Coglin Hunter on Apr 7, 2024.
             Was a High Priest of Okawaru.
             Killed from afar by Azrael (39 damage)
             ... with a bolt of fire
             ... on level 13 of the Dungeon.
             The game lasted 00:33:49 (12804 turns).

Biggs the Skirmisher (Coglin Hunter)               Turns: 12804, Time: 00:33:50

Health: -28/96     AC: 12    Str: 11    XL:     12   Next: 26%
Magic:  12/12      EV: 15    Int: 10    God:    Okawaru [*****.]
Gold:   56         SH:  0    Dex: 22    Spells: 11/11 levels left

rFire   . . .        a - +2 sling {Akiya}
rCold   + . .        d - +0 sling {Charoen}
rNeg    . . .        y - +2 leather armour {rC+}
rPois   .            w - +2 helmet
rElec   .            B - +0 cloak
rCorr   .            (no gloves)
SInv    .            E - +2 pair of boots
Will    .....        (amulet unavailable)
Stlth   ++           (ring unavailable)
HPRegen 0.36/turn    (ring unavailable)
MPRegen 0.13/turn    (no gizmo)

%: no passive effects
@: about to teleport
A: off-hand wielding, slow wielding, warmup strikes, no jewellery
a: Invent Gizmo, Renounce Religion, Heroism, Finesse, Duel


You were on level 13 of the Dungeon.
You worshipped Okawaru.
Okawaru was extremely pleased with you.
You visited 2 branches of the dungeon, and saw 13 of its levels.
You also visited: Ossuary and Bailey.

You collected 779 gold pieces.
You spent 723 gold pieces at shops.

Inventory:

Hand Weapons
 a - a +2 sling (weapon) {Akiya}
 d - a +0 sling (offhand) {Charoen}
Armour
 w - a +2 helmet (worn)
 y - a +2 leather armour of cold resistance (worn)
 B - a +0 cloak (worn)
 E - a +2 pair of boots (worn)
 J - the +2 ring mail of Sin {rC++ Will+}
   (You found it on level 8 of the Dungeon)

   rC++:      It greatly protects you from cold.
   Will+:     It increases your willpower.
 L - +0 acid dragon scales
Wands
 D - a wand of iceblast (9)
 H - a wand of acid (3)
 M - a wand of paralysis (7)
 P - a wand of flame (14)
Scrolls
 b - 2 scrolls of butterflies
 g - a scroll of immolation
 h - 2 scrolls of poison
 i - a scroll of revelation
 k - 3 scrolls of amnesia
 m - a scroll of noise
 n - 2 scrolls of vulnerability
 t - 5 scrolls of fog
 v - 2 scrolls of acquirement {unknown}
 x - 2 scrolls of fear {unknown}
 F - 4 scrolls of enchant weapon {unknown}
 G - 2 scrolls of silence {unknown}
 N - 3 scrolls of enchant armour {unknown}
 O - a scroll of identify
Potions
 c - 4 potions of curing
 e - 2 potions of berserk rage {unknown}
 f - 2 potions of mutation {unknown}
 j - 4 potions of degeneration {unknown}
 l - 4 potions of cancellation {unknown}
 o - a potion of invisibility {unknown}
 q - a potion of heal wounds {unknown}
 r - 3 potions of might {unknown}
 s - a potion of haste {unknown}
 u - 3 potions of brilliance {unknown}
 z - a potion of experience {unknown}
 A - 2 potions of resistance {unknown}
 C - a potion of enlightenment {unknown}
 I - a potion of lignification
 K - a potion of attraction {unknown}


   Skills:
 + Level 9.4 Fighting
 - Level 14.0 Ranged Weapons
 - Level 6.6 Dodging
 - Level 0.7 Stealth
 - Level 8.0 Evocations


You had 11 spell levels left.
You didn't know any spells.
Your spell library contained the following spells:

 Spells                   Type           Power      Damage    Failure   Level
 Sandblast                Erth           0%         2d4       45%         1
 Ensorcelled Hibernation  Hex/Ice        0%         N/A       58%         2
 Sublimation of Blood     Necr           0%         N/A       58%         2
 Fugue of the Fallen      Necr           0%         N/A       83%         3
 Anguish                  Hex/Necr       0%         N/A       99%         4
 Petrify                  Alch/Erth      0%         N/A       99%         4
 Borgnjor's Vile Clutch   Necr/Erth      0%         N/A       100%        5
 Irradiate                Conj/Alch      0%         3d11      100%        5


Dungeon Overview and Level Annotations

Branches:
Dungeon (11/15)            Temple (1/1) D:6            Lair (0/5) D:11
    Orc (0/2) D:11         Vaults (0/5) D:13        Ossuary (visited)
 Bailey (visited)

Altars:
Ashenzari
Cheibriados
Dithmenos
Elyvilon
Fedhas
Gozag
Hepliaklqana
Kikubaaqudgha
Makhleb
Nemelex Xobeh
Okawaru
Qazlal
Ru
Sif Muna
Trog
Uskayaw
Vehumet
Wu Jian
Xom
Yredelemnul
Zin
The Shining One

Shops:
D:7 !   D:8 *   D:10 *

Annotations:
D:6 Dowan, Duvessa
D:11 1 runed translucent door, Qoteis's ghost, journeyman MDFE
D:13 Azrael


Innate Abilities, Weirdness & Mutations

You can wield a second weapon in your off-hand.
It takes a long time for you to wield or remove held weapons.
Your first few attacks do less damage.
You cannot equip rings or amulets.


Message History

The vault guard shouts!
As you read the scroll of teleportation, it crumbles to dust.
You feel strangely unstable. The vault guard closely misses you.
Your surroundings suddenly seem different.
Found a scroll of blinking.
A vault guard comes into view. It is wielding a +0 broad axe.
The vault guard shouts!
You see here a scroll of blinking.
You see here a scroll of blinking.
P - a scroll of blinking You see here a +4 ring of protection.
A vault guard comes into view. It is wielding a +0 great sword.
The vault guard shouts!
The vault guard closely misses you.
The vault guard attacks as it pursues you!
The vault guard closely misses you.
The vault guard attacks as it pursues you!
The vault guard hits you with a +0 great sword!
Blink to where?
Press: ? - help, Dir - move target
As you read the scroll of blinking, it crumbles to dust.
Found a wand of flame (14).
You see here a wand of flame (14).
P - a wand of flame (14)
The vault guard hits you with a +0 great sword!
The vault guard attacks as it pursues you!
The vault guard hits you with a +0 great sword!
The vault guard attacks as it pursues you!
The vault guard hits you with a +0 great sword!!
* * * LOW HITPOINT WARNING * * *
As you read the scroll of teleportation, it crumbles to dust.
You feel strangely unstable.
The vault guard hits you with a +0 great sword!
* * * LOW HITPOINT WARNING * * *
The hell hound barks!
A centaur warrior comes into view. It is wielding a +0 club.
Azrael gestures at you. The bolt of fire hits you!!!
You die...

..........p.....##
.......p.........##
............p.....##
..........###......##
.........## ##......##
..###....# #.......##
.## ##...## ##........##
.# #....###...p......#
.## ##..........@.......
..###..p................
........................
...............h........
..........°R............
..........○.............
...........○○E..........
..###.....°○E.p........c
.## ##........


You could see Azrael, 3 vault guards, a centaur warrior (wandering), 2 fire
elementals and a hell hound.

Vanquished Creatures
  A vault guard (D:13)
  A centaur warrior (D:13)
  A two-headed ogre (D:8)
  A tengu warrior (D:13)
  2 cyclopes
  Maurice (D:8)
  3 komodo dragons
  4 trolls
  Grinder (D:3)
  A shadow (D:13)
  4 wyverns
  A wraith (D:11)
  4 humans (Bailey)
  Eustachio (D:5)
  A fire elemental (D:13)
  15 yaks
  3 acid dragons
  A water moccasin (D:9)
  A water moccasin (shapeshifter) (D:13)
  5 orc warriors
  2 sky beasts
  4 ice beasts
  A phantom (D:4)
  5 kobold brigands
  Blork the orc (D:4)
  A gnoll sergeant (D:10)
  3 scorpions
  14 bullfrogs
  A two-headed ogre simulacrum (D:11)
  12 wights
  3 killer bees (D:8)
  6 howler monkeys
  7 electric eels (D:11)
  3 bombardier beetles
  3 centaur zombies (Ossuary)
  4 orc priests
  9 hounds
  2 jellies
  Crazy Yiuf (D:5)
  3 gnoll boudas
  3 iguanas
  Natasha (D:3)
  8 orc wizards
  2 spriggan simulacra (D:11)
  3 crocodile zombies (Ossuary)
  3 mummies (Ossuary)
  Robin (D:4)
  22 gnolls
  10 adders
  3 naga simulacra (D:11)
  2 shadow imps
  2 white imps
  3 ufetubi (D:7)
  A dart slug (D:4)
  3 ribbon worms
  28 orcs
  3 ball pythons
  2 bats
  7 endoplasms
  6 giant cockroaches
  3 gnoll zombies (Ossuary)
  14 goblins
  15 hobgoblins
  6 jackals
  2 quokkas
  A frilled lizard (D:2)
  30 kobolds
  2 kobold zombies (Ossuary)
  9 rats
332 creatures vanquished.

Notes
Turn   | Place    | Note
-------+----------+-------------------------------------------
     0 | D:1      | Biggs the Coglin Hunter began the quest for the Orb.
     0 | D:1      | Reached XP level 1. HP: 16/16 MP: 1/1
    69 | D:1      | Reached skill level 4 in Ranged Weapons
    69 | D:1      | Reached XP level 2. HP: 22/22 MP: 2/2
    97 | D:1      | Got the Codex of the Fjord
   443 | D:1      | Found a faded altar of an unknown god.
   460 | D:1      | Reached XP level 3. HP: 26/27 MP: 3/3
   776 | D:2      | Reached skill level 5 in Ranged Weapons
   776 | D:2      | Reached XP level 4. HP: 33/33 MP: 4/4
  1013 | D:3      | Noticed Grinder
  1019 | D:3      | Paralysed by Grinder for 2 turns
  1022 | D:3      | Killed Grinder
  1023 | D:3      | Reached skill level 6 in Ranged Weapons
  1023 | D:3      | Reached XP level 5. HP: 27/38 MP: 5/5
  1023 | D:3      | Reached XP level 6. HP: 32/44 MP: 6/6
  1263 | D:3      | Reached skill level 7 in Ranged Weapons
  1305 | D:3      | Noticed Natasha
  1313 | D:3      | Killed Natasha
  1617 | D:4      | Reached XP level 7. HP: 44/50 MP: 7/7
  1956 | D:4      | Noticed Blork the orc
  1965 | D:4      | Killed Blork the orc
  1971 | D:4      | Reached skill level 8 in Ranged Weapons
  2112 | D:4      | Found a shimmering blue altar of Sif Muna.
  2286 | D:4      | Noticed Robin
  2289 | D:4      | Killed Robin
  2348 | D:4      | Found a snail-covered altar of Cheibriados.
  2449 | D:5      | Entered Level 5 of the Dungeon
  2525 | D:5      | Noticed Eustachio
  2560 | D:5      | Killed Eustachio
  2561 | D:5      | Reached skill level 9 in Ranged Weapons
  2561 | D:5      | Reached XP level 8. HP: 34/57 MP: 8/8
  2908 | D:5      | Found a sand-covered staircase.
  2916 | Ossuary  | Entered an ossuary
  3191 | D:5      | Reached skill level 5 in Fighting
  3373 | D:5      | Found a shadowy altar of Dithmenos.
  3421 | D:5      | Found a runed translucent door.
  3422 | D:5      | Noticed Crazy Yiuf
  3475 | D:5      | Killed Crazy Yiuf
  3834 | D:6      | Found a staircase to the Ecumenical Temple.
  3867 | Temple   | Entered the Ecumenical Temple
  3872 | Temple   | Became a worshipper of Warmaster Okawaru
  4158 | D:6      | Reached XP level 9. HP: 68/68 MP: 9/9
  4240 | D:6      | Reached skill level 5 in Dodging
  4663 | D:6      | Noticed Duvessa
  4663 | D:6      | Noticed Dowan
  4698 | D:7      | Reached * piety under Okawaru
  4780 | D:7      | Found a sacrificial altar of Ru.
  4920 | D:7      | Found a hide-covered altar of Uskayaw.
  4999 | D:7      | Found a glowing silver altar of Zin.
  4999 | D:7      | Found a blossoming altar of Fedhas.
  5024 | D:7      | Found Xomai's Distillery.
  5032 | D:7      | Bought a potion of lignification for 39 gold pieces
  5146 | D:7      | Found a sparkling altar of Nemelex Xobeh.
  5263 | D:7      | Found a bloodstained altar of Trog.
  5505 | D:8      | Found a stormy altar of Qazlal.
  5505 | D:8      | Noticed a two-headed ogre
  5517 | D:8      | Killed a two-headed ogre
  5517 | D:8      | Reached ** piety under Okawaru
  5518 | D:8      | Reached skill level 10 in Ranged Weapons
  5805 | D:8      | Reached XP level 10. HP: 45/74 MP: 10/10
  5919 | D:8      | Noticed Maurice
  5981 | D:8      | Reached skill level 11 in Ranged Weapons
  6055 | D:8      | Found a flagged portal.
  6069 | D:8      | Reached *** piety under Okawaru
  6119 | Bailey   | Entered a bailey
  6150 | Bailey   | Reached skill level 12 in Ranged Weapons
  6472 | Bailey   | Reached **** piety under Okawaru
  6502 | Bailey   | Noticed a vault guard
  6502 | Bailey   | Noticed Prince Ribbit
  6544 | D:8      | Found Tycour's Assorted Antiques.
  6550 | D:8      | Bought a pair of glowing boots for 217 gold pieces
  6561 | D:8      | Bought a scroll of identify for 58 gold pieces
  6561 | D:8      | Bought a curved ivory wand for 116 gold pieces
  6561 | D:8      | Bought a scroll of poison for 116 gold pieces
  6561 | D:8      | Bought a bubbling brown potion for 26 gold pieces
  6760 | D:8      | Reached skill level 13 in Ranged Weapons
  6859 | D:8      | Identified the +2 ring mail of Sin {rC++ Will+}
  6918 | D:8      | Maurice stole 61 gold
  6935 | D:8      | Killed Maurice
  7173 | D:9      | Reached XP level 11. HP: 55/79 MP: 11/11
  7278 | D:9      | Reached skill level 5 in Evocations
  7788 | D:9      | Found an ancient bone altar of Kikubaaqudgha.
  8117 | D:9      | Reached ***** piety under Okawaru
  8943 | D:10     | Entered Level 10 of the Dungeon
  9095 | D:10     | Identified the +6 whip of Wybluvuk {holy, rCorr}
  9721 | D:10     | Found Nianupta's Assorted Antiques.
  9737 | D:10     | Bought a scroll of teleportation for 66 gold pieces
  9737 | D:10     | Bought a scroll of teleportation for 66 gold pieces
  9737 | D:10     | Bought a bubbling brown potion for 19 gold pieces
 10941 | D:11     | Received a gift from Okawaru
 11279 | D:11     | Reached skill level 14 in Ranged Weapons
 11351 | D:11     | Found a staircase to the Lair.
 11552 | D:11     | Found a faded altar of an unknown god.
 11610 | D:11     | Noticed a cyclops
 11620 | D:11     | Killed a cyclops
 11670 | D:11     | Found a staircase to the Orcish Mines.
 11856 | D:11     | Found a runed translucent door.
 11857 | D:11     | Found a shimmering altar of Xom.
 11857 | D:11     | Noticed Qoteis's ghost (journeyman MDFE)
 11857 | D:11     | Noticed a +2 trident of chaos
 12390 | D:11     | You fall into a shaft and drop 2 floors!
 12533 | D:13     | Noticed a tengu warrior
 12536 | D:13     | Noticed a centaur warrior
 12540 | D:13     | Killed a tengu warrior
 12541 | D:13     | Reached XP level 12. HP: 92/92 MP: 12/12
 12541 | D:13     | Killed a centaur warrior
 12568 | D:13     | Noticed Azrael
 12646 | D:13     | Noticed a vault guard
 12646 | D:13     | Noticed a tengu warrior
 12688 | D:13     | Noticed a vault guard
 12719 | D:13     | Noticed a vault guard
 12729 | D:13     | Found a gate to the Vaults.
 12736 | D:13     | Noticed a vault guard
 12743 | D:13     | Noticed a vault guard
 12744 | D:13     | Killed a vault guard
 12745 | D:13     | Noticed a vault guard
 12769 | D:13     | Noticed a vault guard
 12780 | D:13     | Noticed a vault guard
 12804 | D:13     | Noticed a centaur warrior
 12804 | D:13     | Killed from afar by Azrael

Illustrated notes

Levels and vault maps discovered:
D:1:      eino_arrival_water_star, layout_basic,
          dreamdust_ecumenical_altar_angels_and_demons
D:2:      layout_rooms
D:3:      layout_rooms, uniq_natasha, uniq_grinder
D:4:      layout_loops_ring, mainiacjoe_overflow_concentric_impassable,
          mainiacjoe_overflow_six_doors_small, uniq_blork_the_orc, uniq_robin
D:5:      layout_loops_ring, nicolae_dithmenos_the_darkroom, enter_ossuary_2,
          uniq_eustachio, uniq_crazy_yiuf_cottage
D:6:      layout_basic, temple_fountains, uniq_duvessa
D:7:      layout_cave_pools, lemuel_crystal_altar, lemuel_doored_altar,
          nicolae_ru_sacrificial_ziggurat, nemelex_xobeh_ov_fountains_minmay,
          gammafunk_temple_overflow_pools, serial_demonic, serial_demonic_g,
          serial_demonic_a, serial_demonic_a, serial_demonic_c, serial_shops,
          shop, roderic_roman_lattice, minmay_strange_pillars,
          kennysheep_generic_room_13
D:8:      layout_basic, amcnicky_altar_gilded, enter_bailey_5, serial_shops,
          kennysheep_little_box, uniq_maurice
D:9:      layout_basic, nicolae_kikubaaqudgha_miasma_corner
D:10:     layout_layer_cave, serial_shops, nicolae_shop_tiny_glass,
          kennysheep_opposing_triangles
D:11:     layout_stronghold, erik_lair_island, orc_0_dummy, ebering_ghost_xom,
          portal_ice_cave_entry_ice_simulacra, serial_column_ruins,
          column_ruins_square_large, column_ruins_temple_circle,
          column_ruins_columns_straight, column_ruins_open_tiny,
          column_ruins_grid_1, column_ruins_open_small, column_ruins_open_tiny,
          column_ruins_open_tiny
D:13:     layout_big_octagon, erik_vaults_2, uniq_azrael
Temple:   minmay_freezing_vapour_temple

Skill      XL: |  1  2  3  4  5  6  7  8  9 10 11 12 |
---------------+-------------------------------------+-----
Ranged Weapons | 4 5 6 7 9 10 13 14 | 14.0
Fighting       | 5 8 9 |  9.4
Dodging        | 4 6 |  6.6
Evocations     | 4 8 |  8.0
Stealth        | |  0.7

Action                     |  1- 3 |  4- 6 |  7- 9 | 10-12 || total
---------------------------+-------+-------+-------+-------++-------
   Fire: Sling             |   154 |   164 |   896 |  1578 ||  2792
  Throw: Throwing net      |       |       |       |     1 ||     1
  Evoke: Wand              |       |       |     2 |    24 ||    26
    Use: Scroll            |       |       |     8 |    11 ||    19
         Potion            |       |       |       |     1 ||     1
 Armour: Leather armour    |    21 |    23 |   151 |   252 ||   447
  Dodge: Dodged            |    16 |    14 |   134 |   221 ||   385

Table legend: (Time is in decaauts)
 A = Elapsed time spent in this place.
 B = Non-inter-level travel time spent in this place.
 C = Inter-level travel time spent in this place.
 D = Time resting spent in this place.
 E = Time spent auto-exploring this place.
 F = Levels seen in this place.
 G = Mean time per level.
                   A        B        C        D        E       F      G
               +--------+--------+--------+--------+--------+-----+--------+
         Total |  12705 |  12331 |    374 |   1165 |   8753 |  15 |  847.0 |
       Dungeon |  12085 |  11711 |    374 |    986 |   8519 |  12 | 1007.1 |
        Temple |     10 |     10 |      0 |      0 |      0 |   1 |   10.0 |
       Ossuary |    229 |    229 |      0 |      0 |    150 |   1 |  229.0 |
        Bailey |    380 |    380 |      0 |    179 |     84 |   1 |  380.0 |
               +--------+--------+--------+--------+--------+-----+--------+

Top non-repeatable levels by time:
    D:10: 2223 daAuts
     D:9: 1594 daAuts
     D:8: 1442 daAuts
    D:11: 1149 daAuts
     D:5: 1134 daAuts
     D:4: 987 daAuts
     D:7: 800 daAuts
     D:6: 728 daAuts
     D:3: 592 daAuts
     D:1: 585 daAuts
     D:2: 443 daAuts
    D:13: 402 daAuts
  Bailey: 380 daAuts
 Ossuary: 229 daAuts
  Temple: 10 daAuts
